Map: Vigía EE

Players

MrFercho

  • Race: Zerg Zerg
  • League: Gold
  • Spawn Location: 9:00

tigro

  • Race: Terran Terran
  • League: Bronze
  • Spawn Location: 9:00

TATORREA

  • Race: Protoss Protoss
  • League: Gold
  • Spawn Location: 12:00

Ands

  • Race: Protoss Protoss
  • League: Silver
  • Spawn Location: 6:00

wratht

  • Race: Zerg Zerg
  • League: Platinum
  • Spawn Location: 5:00

CaPnLeo

  • Race: Terran Terran
  • League: Silver
  • Spawn Location: 5:00

VOD

Have the link to the VOD?

Description

Time

  • Played on: July 23, 2020, 10:36 p.m.
  • Length: 14:20
Show
View Real Time Build Order
Export as new Build Order

MrFercho Zerg 

Build Orders: Hatch First 

Get SALT Encoding   

  12  0:01  Drone  
  13  0:13  Overlord  
  13  0:18  Drone  
  14  0:31  Drone x2  
  16  0:54  Drone  
  17  0:57  Hatchery, Drone  
  17  1:02  Drone  
  18  1:07  Extractor  
  17  1:18  Spawning Pool  
  16  1:20  Drone  
  17  1:27  Drone  
  17  1:32  Drone  
  19  1:41  Drone  
  20  1:50  Overlord  
  20  2:08  Queen  
  22  2:09  Queen  
  22  2:11  Zergling x4  
  22  2:14  Overlord  
  26  2:26  Drone x2  
  28  2:31  Drone  
  28  2:33  Drone  
  30  2:41  Drone  
  31  2:45  Drone  
  32  2:55  Metabolic Boost  
  32  2:59  Drone x2  
  35  3:05  Drone  
  35  3:09  Drone  
  36  3:24  Zergling x10  
  41  3:33  Overlord x3  
  41  3:34  Drone  
  41  3:35  Hatchery  
  41  3:51  Drone x3  
  44  3:57  Lair  
  44  4:02  Drone x5  
  48  4:18  Drone x4  
  53  4:24  Zergling x4  
  53  4:29  Extractor  
  53  4:30  Hatchery  
  52  4:32  Zergling x6  
  55  4:53  Zergling x14  
  62  5:03  Extractor  
  62  5:04  Drone x3  
  64  5:23  Zergling x14  
  64  5:25  Overlord  
  71  5:44  Baneling Nest  
  71  5:46  Roach Warren  
  71  5:48  Drone x2  
  71  5:49  Zergling x14  
  78  5:52  Overlord x2  
  78  5:53  Overlord x2  
  78  5:56  Queen  
  80  6:07  Zergling x14  
  87  6:13  Drone x2  
  87  6:15  Drone  
  87  6:16  Drone  
  91  6:23  Zergling x2  
  91  6:24  Zergling x8  
  96  6:26  Zergling x4  
  98  6:42  Extractor  
  97  6:47  Zergling x16, Evolution Chamber  
  97  6:48  Zergling x4  
  106  7:07  Zergling x26  
  107  7:16  Baneling x7  
  107  7:17  Baneling x12  
  103  7:25  Zergling x16  
  90  7:40  Zergling x14  
  85  7:45  Roach  
  85  7:46  Overlord x2  
  85  7:47  Zergling x2  
  83  7:51  Glial Reconstitution  
  77  8:00  Queen  
  77  8:01  Zergling x2  
  77  8:02  Zergling x6  
  74  8:09  Zergling x8  
  78  8:17  Zergling x2  
  78  8:18  Zergling x2  
  81  8:20  Zergling x2  
  81  8:21  Zergling x6  
  80  8:30  Zergling x16  
  85  8:38  Roach x3  
  76  8:49  Zergling x2  
  76  8:50  Zergling x6  
  76  8:52  Zerg Missile Weapons Level 1  
  70  9:08  Roach x8  
  85  9:23  Roach  
  101  9:24  Roach x9  
  101  9:25  Roach  
  94  9:38  Hydralisk Den  
  89  9:40  Infestation Pit  
  89  9:42  Evolution Chamber  
  89  9:43  Drone x2  
  89  9:44  Drone  
  86  9:46  Roach x3  
  86  9:50  Drone x2  
  82  10:10  Roach  
  82  10:11  Roach x7  
  88  10:26  Roach  
  88  10:27  Roach x5  
  88  10:31  Drone  
  88  10:32  Drone x2  
  85  10:44  Muscular Augments  
  85  11:00  Hydralisk x7  
  99  11:04  Drone x2  
  101  11:12  Hydralisk x3  
  107  11:23  Hydralisk x3  
  107  11:24  Hydralisk  
  115  11:35  Hive  
  115  11:39  Lurker Den  
  106  11:42  Spire  
  83  11:56  Grooved Spines  
  83  11:59  Hydralisk  
  83  12:00  Hydralisk x6  
  69  12:11  Spore Crawler x2  
  69  12:13  Spine Crawler, Drone  
  69  12:14  Drone  
  65  12:20  Hydralisk  
  67  12:34  Spore Crawler  
  52  12:38  Spore Crawler  
  52  12:39  Hydralisk x3  
  57  12:46  Extractor  
  51  12:54  Hydralisk x2  
  51  12:56  Lurker  
  39  13:08  Lurker  
  39  13:09  Lurker  
  26  13:46  Hydralisk x2  
  30  13:56  Drone x2  
Show
View Real Time Build Order
Export as new Build Order

tigro Terran 

Build Orders:  

Get SALT Encoding   

  12  0:13  SCV  
  13  0:16  Supply Depot  
  13  0:25  SCV  
  14  0:37  SCV  
  15  0:45  Barracks  
  15  0:49  SCV  
  16  0:55  Refinery  
  16  1:01  SCV  
  17  1:13  SCV  
  18  1:26  SCV  
  18  1:32  Supply Depot, Marine  
  21  1:40  SCV  
  21  1:42  Refinery  
  21  1:50  Marine  
  21  1:52  SCV  
  23  2:04  SCV  
  23  2:07  Factory  
  23  2:08  Marine  
  25  2:16  SCV  
  26  2:25  Engineering Bay  
  26  2:26  Marine  
  27  2:40  Orbital Command  
  27  2:44  Marine  
  28  2:53  Terran Infantry Weapons Level 1  
  28  2:57  Factory Tech Lab  
  28  3:08  Barracks  
  28  3:19  Siege Tank  
  31  3:22  Barracks Tech Lab  
  31  3:51  Combat Shield  
  31  4:02  Command Center  
  31  4:38  Barracks Reactor  
  31  4:41  Siege Tank  
  34  4:47  Terran Infantry Armor Level 1  
  34  5:02  Starport  
  34  5:17  SCV, Refinery  
  34  5:21  Marine x3  
  38  5:29  SCV  
  38  5:33  Siege Tank  
  42  5:39  Marine x3  
  42  5:40  Starport Tech Lab  
  42  5:41  Armory, SCV  
  46  5:53  SCV  
  46  5:56  Marine  
  47  5:57  Marine x2  
  50  6:06  SCV  
  50  6:07  Missile Turret  
  51  6:14  Marine  
  51  6:15  Marine x2  
  51  6:18  SCV  
  55  6:21  Medivac  
  57  6:30  SCV  
  57  6:32  Missile Turret, Marine  
  59  6:41  Fusion Core, Hi-Sec Auto Tracking  
  59  6:47  SCV  
  59  6:53  Refinery  
  60  6:54  Missile Turret  
  60  6:59  SCV  
  61  7:08  Supply Depot  
  61  7:11  SCV  
  62  7:18  Missile Turret  
  62  7:31  Supply Depot  
  62  7:38  Neosteel Armor  
  62  7:44  Missile Turret  
  39  8:27  Medivac  
  39  8:29  Marine x3  
  39  8:31  Thor  
  50  8:35  Weapon Refit  
  50  8:46  Marine  
  50  8:47  Marine x2  
  53  8:57  Medivac  
  55  9:04  Marine x3  
  58  9:14  Thor  
  64  9:22  Marine x3  
  67  9:27  Battlecruiser  
  73  9:40  Marine x3  
  75  9:58  Marine  
  69  10:10  Marine x2  
  71  10:15  Rapid Reignition System  
  71  10:16  Marine  
  72  10:22  Stimpack  
  72  10:28  Marine x2  
  72  10:34  Marine  
  64  10:45  Marine  
  64  10:46  Marine  
  56  10:51  Marine  
  51  11:03  Marine  
  51  11:04  Marine  
  53  11:09  Marine  
  54  11:12  Terran Infantry Weapons Level 2  
  45  11:27  Marine  
  45  11:28  Medivac  
  48  11:39  Marine x2  
  46  11:45  Marine  
  42  11:56  Siege Tank  
  42  11:57  Marine x2  
  42  11:58  Medivac  
  48  12:03  Marine  
  49  12:15  Marine x2  
  46  12:20  Marine  
  53  12:33  Marine x2  
  55  12:38  Marine  
  46  12:50  Marine  
  46  12:51  Marine  
  48  12:56  Marine  
  42  13:08  Marine x2  
  36  13:26  Marine x2  
  18  13:44  Marine x2  
  20  14:02  Marine  
Show
View Real Time Build Order
Export as new Build Order

TATORREA Protoss 

Build Orders:  

Get SALT Encoding   

  12  0:01  Probe  
  13  0:13  Probe  
  14  0:25  Pylon  
  14  0:28  Probe  
  15  0:43  Probe  
  16  0:52  Gateway  
  16  0:57  Probe  
  17  1:05  Assimilator  
  17  1:07  Pylon  
  17  1:09  Probe  
  18  1:21  Probe  
  18  1:33  Probe  
  18  1:37  Gateway  
  18  1:39  Gateway  
  19  1:41  Assimilator  
  19  1:46  Probe  
  20  1:58  Probe  
  21  2:09  Cybernetics Core  
  21  2:10  Probe  
  21  2:12  Zealot  
  24  2:19  Pylon  
  24  2:29  Zealot  
  26  2:30  Pylon  
  26  2:33  Zealot  
  28  2:48  Gateway  
  28  2:50  Zealot  
  30  3:26  Warp Gate  
  30  3:41  Nexus  
  30  3:43  Pylon  
  30  3:45  Pylon  
  30  3:55  Twilight Council  
  30  4:07  Zealot  
  30  4:08  Charge, Zealot x2  
  36  4:13  Zealot  
  38  4:20  Probe  
  39  4:36  Probe  
  40  4:50  Forge  
  40  4:54  Pylon  
  40  4:58  Probe x2  
  42  5:02  Protoss Ground Weapons Level 1  
  42  5:10  Probe x2  
  44  5:18  Zealot x2  
  48  5:21  Zealot  
  48  5:22  Probe x2  
  48  5:27  Zealot  
  54  5:37  Probe x2  
  56  5:49  Probe x2  
  58  6:01  Probe x2  
  58  6:03  Zealot  
  62  6:04  Zealot  
  62  6:05  Zealot x2  
  68  6:13  Probe x2  
  68  6:17  Assimilator  
  70  6:19  Assimilator  
  70  6:25  Probe  
  71  6:26  Probe, Pylon  
  71  6:30  Pylon  
  72  6:35  Zealot x2  
  72  6:37  Probe  
  72  6:39  Zealot  
  79  6:42  Zealot  
  81  7:00  Zealot x2  
  81  7:01  Zealot  
  87  7:10  Protoss Shields Level 1  
  87  7:13  Probe x2  
  87  7:25  Probe  
  72  7:58  Zealot  
  72  7:59  Zealot x3  
  54  8:32  Gateway  
  44  8:34  Gateway  
  44  8:36  Gateway  
  44  8:38  Pylon  
  44  8:39  Gateway  
  44  8:44  Zealot x3  
  44  8:45  Zealot  
  44  8:47  Nexus  
  52  8:49  Pylon  
  52  8:51  Pylon, Gateway  
  52  8:52  Gateway  
  52  8:54  Gateway  
  52  8:56  Pylon  
  52  9:01  Pylon  
  52  9:08  Robotics Facility  
  52  9:13  Probe x2  
  52  9:15  Protoss Ground Weapons Level 2  
  50  9:25  Probe x2  
  50  9:26  Forge  
  50  9:28  Forge  
  50  9:29  Zealot x3  
  50  9:30  Zealot  
  56  9:34  Zealot  
  58  9:38  Zealot  
  52  9:53  Zealot x3  
  52  9:59  Zealot  
  56  10:00  Zealot  
  56  10:04  Zealot  
  60  10:19  Zealot x2  
  60  10:20  Zealot x3  
  70  10:22  Probe  
  70  10:23  Probe  
  70  10:25  Probe  
  73  10:32  Assimilator  
  73  10:36  Assimilator  
  61  11:07  Zealot x2  
  61  11:08  Zealot x5  
  61  11:09  Zealot x4  
  83  11:18  Probe x3  
  80  11:29  Observer  
  80  11:30  Probe x3  
  58  11:33  Protoss Ground Armor Level 1  
  58  11:34  Protoss Shields Level 2  
  58  11:40  Templar Archives  
  58  11:42  Pylon  
  58  11:47  Probe  
  58  11:50  Pylon  
  58  11:53  Zealot x2  
  58  11:54  Pylon, Zealot x4  
  65  11:57  Zealot  
  65  12:12  Zealot x2  
  65  12:14  Zealot x3  
  65  12:15  Zealot  
  71  12:16  Zealot  
  71  12:19  Zealot  
  69  12:34  Zealot x2  
  69  12:35  Zealot x3  
  69  12:46  High Templar x3  
  69  12:47  High Templar  
  69  12:53  Archon x2  
  69  12:56  High Templar  
  69  12:57  High Templar x4  
  79  13:01  Archon x2  
  77  13:17  High Templar x2  
  77  13:19  High Templar x2  
  85  13:23  High Templar x3  
  85  13:24  High Templar  
  85  13:25  High Templar  
  95  13:29  Archon x3  
  95  13:30  Archon  
  79  14:00  Zealot  
  79  14:01  Zealot x4  
  79  14:02  Zealot x4  
Show
View Real Time Build Order
Export as new Build Order

Ands Protoss 

Build Orders: 1 Gate Expand, Archon Immortal 

Get SALT Encoding   

  12  0:01  Probe  
  13  0:18  Probe  
  13  0:20  Pylon  
  14  0:42  Probe  
  14  0:43  Gateway  
  15  0:50  Probe  
  15  0:51  Assimilator  
  16  1:00  Probe  
  17  1:12  Probe  
  18  1:24  Probe  
  19  1:34  Nexus  
  19  1:36  Probe  
  20  1:46  Probe  
  21  1:54  Probe  
  21  1:59  Cybernetics Core, Assimilator  
  22  2:02  Probe  
  22  2:07  Pylon  
  23  2:25  Probe  
  24  2:36  Robotics Facility  
  24  2:38  Gateway, Warp Gate  
  24  2:43  Probe, Pylon  
  25  2:47  Probe  
  26  2:55  Probe  
  26  2:56  Stalker  
  29  3:09  Probe x2  
  31  3:21  Probe x2  
  33  3:37  Stalker  
  33  3:39  Probe  
  36  3:41  Probe  
  36  3:47  Observer  
  38  3:51  Probe  
  38  3:53  Twilight Council, Probe  
  40  4:03  Probe  
  40  4:05  Probe  
  40  4:07  Adept  
  44  4:13  Shield Battery  
  44  4:15  Probe  
  45  4:18  Probe  
  45  4:21  Assimilator  
  46  4:24  Blink  
  46  4:25  Assimilator  
  46  4:30  Immortal  
  50  4:32  Gateway  
  50  4:33  Gateway  
  50  4:36  Probe  
  51  4:47  Probe  
  52  4:53  Probe  
  52  4:59  Probe  
  54  5:02  Pylon  
  54  5:17  Pylon  
  54  5:20  Probe x2, Immortal  
  54  5:21  Pylon  
  60  5:23  Pylon  
  60  5:24  Adept  
  60  5:25  Pylon  
  62  5:28  Pylon  
  62  5:35  Probe  
  63  5:52  Probe, Forge  
  64  6:05  Probe  
  64  6:06  Immortal  
  64  6:08  Stalker  
  64  6:09  Stalker x2  
  64  6:10  Sentry  
  77  6:19  Probe x2  
  77  6:24  Forge  
  77  6:25  Protoss Ground Weapons Level 1  
  79  6:31  Templar Archives  
  79  6:43  Probe  
  79  6:44  Warp Prism  
  82  6:48  Photon Cannon  
  82  6:50  Nexus  
  82  6:51  Pylon, Photon Cannon  
  82  6:55  Assimilator  
  82  6:56  Probe x2  
  82  6:57  Assimilator  
  84  7:05  Pylon  
  84  7:08  Probe  
  85  7:15  Shield Battery  
  85  7:19  Shield Battery  
  81  7:37  High Templar x2  
  81  7:38  High Templar x2  
  71  8:12  Stalker x2  
  73  8:13  Stalker  
  77  8:21  Pylon  
  71  8:52  High Templar x3  
  77  8:58  Archon  
  77  9:00  Probe  
  77  9:01  Probe  
  79  9:04  Stalker  
  81  9:13  Probe  
  82  9:17  Probe  
  82  9:22  Protoss Ground Weapons Level 2  
  82  9:23  Protoss Ground Armor Level 1  
  79  9:29  High Templar x3  
  79  9:30  High Templar  
  85  9:32  Nexus  
  85  9:35  Assimilator  
  85  9:36  Pylon, Assimilator, Psionic Storm  
  85  9:38  Immortal  
  85  9:40  Charge, Pylon  
  89  9:49  Archon x2  
  89  9:52  Gateway  
  89  9:54  Gateway  
  89  10:03  Pylon  
  89  10:06  Pylon  
  89  10:09  Pylon, High Templar  
  89  10:10  Zealot, High Templar  
  89  10:11  Zealot  
  97  10:17  Warp Prism, Shield Battery  
  97  10:21  Shield Battery  
  99  10:22  Photon Cannon  
  99  10:23  Photon Cannon  
  98  10:41  High Templar  
  98  10:42  High Templar x2  
  103  10:45  Archon  
  96  10:53  Zealot  
  96  10:54  Zealot x2  
  102  11:14  High Templar  
  102  11:15  High Templar  
  102  11:16  Zealot  
  108  11:22  Probe  
  108  11:23  Probe x2  
  111  11:26  Archon  
  97  11:53  Zealot  
  97  11:54  High Templar x5  
  101  11:58  Archon x2  
  109  12:04  Warp Prism  
  111  12:28  Zealot  
  111  12:29  Zealot x5  
  119  13:15  High Templar x3  
  119  13:16  High Templar x2  
  129  13:34  Gateway  
  129  13:35  Gateway  
  129  13:36  Gateway  
  129  13:38  Probe x3, Photon Cannon  
  129  13:40  Pylon, Photon Cannon  
  132  13:42  Assimilator  
  132  13:43  Observer  
  133  13:48  Archon  
  133  13:49  Archon x2  
  133  13:50  Probe x3  
  132  14:02  Probe x3  
  117  14:17  Zealot  
  117  14:18  Zealot x5  
Show
View Real Time Build Order
Export as new Build Order

wratht Zerg 

Build Orders: Hatch First 

Get SALT Encoding   

  12  0:08  Overlord  
  12  0:16  Drone x2  
  14  0:34  Drone x2  
  16  0:46  Drone  
  17  0:56  Hatchery  
  16  0:57  Drone  
  17  1:04  Drone  
  18  1:13  Extractor  
  17  1:21  Spawning Pool, Drone  
  17  1:27  Drone  
  18  1:38  Drone  
  19  2:03  Drone  
  19  2:04  Drone  
  21  2:09  Queen  
  21  2:12  Queen  
  21  2:13  Zergling x4  
  27  2:17  Metabolic Boost  
  27  2:20  Zergling x2  
  27  2:21  Overlord  
  28  2:37  Overlord  
  28  2:41  Drone  
  28  2:42  Drone x2  
  31  2:47  Queen  
  33  2:56  Drone x2  
  35  3:01  Drone  
  36  3:11  Hatchery  
  35  3:15  Drone  
  35  3:17  Drone  
  35  3:18  Drone  
  38  3:40  Overlord  
  37  3:43  Drone  
  37  3:44  Drone x4  
  37  3:45  Drone x2  
  44  3:53  Extractor  
  44  3:55  Lair  
  43  3:56  Roach Warren  
  43  3:57  Drone  
  42  4:21  Overlord  
  42  4:22  Drone x5  
  42  4:23  Drone x3  
  50  4:29  Spore Crawler  
  50  4:31  Spore Crawler  
  47  4:33  Drone  
  47  4:34  Drone x2  
  47  4:36  Queen  
  52  4:47  Roach x4  
  52  4:50  Evolution Chamber  
  52  4:52  Evolution Chamber  
  58  4:54  Pneumatized Carapace  
  58  4:55  Queen  
  60  5:05  Overlord  
  60  5:06  Drone x3  
  63  5:09  Overlord  
  63  5:11  Queen  
  65  5:30  Queen  
  65  5:34  Drone x2  
  69  5:35  Drone  
  69  5:36  Drone  
  71  5:50  Drone  
  71  5:51  Drone x4  
  71  5:54  Extractor  
  71  5:56  Extractor  
  74  6:04  Zerg Melee Weapons Level 1  
  74  6:06  Queen  
  74  6:07  Drone  
  74  6:09  Drone x5  
  82  6:11  Overlord x4  
  82  6:14  Overlord x2  
  82  6:25  Overlord  
  82  6:26  Overlord  
  82  6:33  Drone  
  82  6:35  Drone x4  
  82  6:39  Extractor  
  86  6:40  Extractor  
  86  6:43  Zerg Missile Weapons Level 1  
  86  6:44  Overlord, Drone  
  86  6:45  Drone x6  
  92  6:57  Hatchery  
  91  7:09  Roach x6  
  91  7:10  Roach x3  
  107  7:16  Roach x3  
  107  7:17  Roach  
  107  7:19  Spine Crawler  
  107  7:21  Spine Crawler  
  107  7:22  Spine Crawler  
  112  7:23  Spine Crawler  
  101  7:37  Roach x3  
  101  7:38  Roach x3  
  107  7:47  Roach x3  
  107  7:49  Zergling x6  
  102  7:53  Spine Crawler  
  102  7:55  Spine Crawler  
  102  7:56  Roach x3  
  94  8:05  Roach x3  
  90  8:12  Queen  
  88  8:14  Spine Crawler  
  88  8:15  Roach x2  
  88  8:16  Roach x2  
  88  8:18  Spine Crawler  
  89  8:22  Roach x2  
  89  8:23  Roach x3  
  84  8:35  Ravager x4  
  84  8:38  Zergling x2  
  84  8:39  Zergling x6  
  88  8:48  Queen  
  88  8:51  Zergling x12  
  92  9:04  Drone  
  92  9:05  Drone x4  
  97  9:19  Drone x2  
  97  9:20  Drone x2  
  101  9:32  Zergling x6  
  101  9:33  Zergling x2  
  105  9:40  Drone x2  
  105  9:44  Spine Crawler  
  106  9:45  Spine Crawler  
  106  9:51  Evolution Chamber  
  80  10:05  Roach  
  80  10:06  Roach x8  
  90  10:21  Drone x7  
  92  10:23  Spine Crawler  
  94  10:34  Zergling x10  
  94  10:35  Zergling x4  
  100  10:43  Roach x4  
  100  10:44  Roach  
  110  10:50  Zergling x8  
  110  10:51  Zergling x2  
  115  10:57  Spore Crawler  
  115  11:01  Queen  
  116  11:10  Overlord, Drone x2  
  116  11:11  Drone x2  
  120  11:15  Hatchery  
  119  11:30  Overlord  
  119  11:31  Roach  
  119  11:32  Roach x5  
  131  11:36  Queen  
  132  11:42  Ravager x3  
  132  11:44  Zergling x12  
  131  12:05  Roach x5  
  131  12:06  Roach x2  
  145  12:11  Glial Reconstitution  
  145  12:17  Infestation Pit  
  144  12:34  Evolution Chamber  
  143  12:39  Spine Crawler  
  142  12:44  Overlord x2  
  142  12:45  Overlord x3  
  142  12:48  Overlord  
  142  12:50  Overlord  
  142  12:52  Overlord  
  142  12:53  Overlord  
  142  12:55  Overlord  
  142  12:59  Queen  
  144  13:05  Spore Crawler  
  144  13:12  Drone x4  
  147  13:13  Drone  
  148  13:20  Extractor  
  148  13:21  Extractor  
  146  13:27  Roach x3  
  146  13:28  Roach x4  
  160  13:35  Queen  
  160  13:37  Drone x3  
  160  13:38  Drone x5  
  160  13:40  Overlord x2  
  170  13:51  Hydralisk Den  
  169  13:56  Zergling x8  
  169  13:57  Zergling x6  
  169  13:58  Overseer x2  
  169  14:00  Overseer x2  
  169  14:01  Overseer  
  176  14:05  Drone x5  
Show
View Real Time Build Order
Export as new Build Order

CaPnLeo Terran 

Build Orders:  

Get SALT Encoding   

  12  0:05  SCV  
  13  0:21  SCV  
  14  0:23  Supply Depot  
  14  0:35  Refinery  
  14  0:43  SCV  
  15  0:50  Barracks  
  15  0:55  SCV  
  16  1:07  SCV  
  17  1:19  SCV  
  17  1:23  Supply Depot  
  18  1:31  SCV  
  19  1:39  Marine  
  20  1:41  Factory  
  20  1:43  SCV  
  21  1:55  SCV  
  22  2:09  Orbital Command  
  22  2:11  Marine  
  23  2:26  Factory Tech Lab  
  23  2:28  Supply Depot  
  23  2:33  Barracks Reactor, Refinery  
  23  2:36  SCV  
  24  2:43  Engineering Bay  
  24  2:50  Siege Tank  
  24  2:51  SCV  
  28  3:03  SCV  
  29  3:31  SCV  
  29  3:32  Siege Tank  
  29  3:33  Marine x2  
  35  3:51  Marine x2  
  35  3:52  Command Center  
  35  3:53  Supply Depot  
  37  4:00  Terran Infantry Weapons Level 1  
  36  4:43  SCV  
  36  4:44  Marine x2  
  39  4:46  Siege Tank  
  42  4:54  Starport  
  42  4:55  SCV  
  42  4:56  Starport  
  43  5:00  Supply Depot  
  43  5:02  Marine  
  44  5:07  SCV, Supply Depot  
  45  5:19  SCV  
  46  5:31  SCV  
  46  5:33  Cyclone  
  50  5:36  Starport Reactor, Starport Tech Lab  
  50  5:37  Marine x2  
  50  5:41  Refinery  
  50  5:42  Orbital Command  
  52  5:43  SCV  
  52  5:44  Refinery  
  53  5:50  Missile Turret  
  53  5:53  Missile Turret  
  53  5:57  Cloaking Field  
  53  6:15  SCV x2  
  55  6:27  SCV x2  
  57  6:33  Missile Turret, Banshee  
  57  6:39  SCV x2  
  62  6:40  Armory  
  62  6:45  Supply Depot, Marine  
  63  6:51  SCV x2  
  65  6:55  Viking  
  65  6:59  Siege Tank  
  70  7:03  SCV  
  70  7:04  SCV  
  70  7:07  Missile Turret  
  72  7:16  Banshee  
  70  7:57  Marine x2  
  57  8:12  Banshee  
  53  8:15  Marine x2  
  58  8:23  Siege Tank  
  61  8:32  Supply Depot x2  
  61  8:33  Marine  
  62  8:38  Factory  
  62  8:39  Factory  
  62  8:40  Factory  
  62  8:55  Banshee, Siege Tank  
  68  9:06  Marine x2  
  68  9:08  Liberator x2  
  76  9:13  Orbital Command  
  76  9:23  Marine  
  76  9:24  Marine  
  74  9:38  Banshee  
  73  9:39  Factory Tech Lab x3  
  73  9:41  Marine x2  
  73  9:44  Hellbat x2  
  82  9:59  Marine x2  
  84  10:05  SCV x2, Hellbat x2  
  90  10:17  SCV, Marine  
  90  10:18  SCV  
  90  10:21  Banshee  
  93  10:26  Hellbat  
  93  10:27  Hellbat  
  100  10:29  SCV  
  101  10:49  Hellbat  
  102  10:52  Viking  
  102  10:53  Viking  
  101  11:03  Supply Depot  
  101  11:25  Viking x2, Hellbat, Banshee  
  110  11:27  Hellbat  
  110  11:31  Terran Vehicle Weapons Level 1  
  103  12:13  Factory Tech Lab  
  103  12:18  Supply Depot  
  103  12:19  Supply Depot  
  103  12:20  Supply Depot x3  
  103  12:21  Supply Depot  
  103  12:22  Supply Depot  
  103  12:23  Supply Depot  
  103  12:26  Orbital Command  
  103  12:27  Marine x2  
  105  12:31  Refinery  
  105  12:35  Refinery  
  94  12:45  Marine x2  
  81  13:02  Marine x2  
  82  13:20  Marine x2  
  49  13:48  Hellbat x4  
  59  13:57  Marine x2  
Tags
 
Add a new tag
Caveats
  • Supply blocks, unpowered buildings, or Contaminate may cause inaccurate times.
  • Supply counts are checked every 10 seconds.